 Dungeon Crawl Stone Soup version 0.17-a0-2231-gd80ca38 (webtiles) character file.

84 kae the Insei (level 4, -8/28 HPs)
             Began as an Octopode Transmuter on Oct 29, 2015.
             Blown up by Ijyb (19 damage)
             ... with a wand of disintegration
             ... on level 3 of the Dungeon.
             The game lasted 00:01:54 (2243 turns).

kae the Insei (Octopode Transmuter)                 Turns: 2243, Time: 00:01:54

Health: -8/28      AC:  1    Str:  9    XL:     4   Next: 45%
Magic:  5/7        EV: 12    Int: 15    God:
Gold:   65         SH:  0    Dex: 13    Spells: 1 memorised, 6 levels left

rFire  . . .     SeeInvis .       - Unarmed
rCold  . . .     Clarity  .     (no shield)
rNeg   . . .     SustAt   .     (helmet restricted)
rPois  .         Gourm    .     (no amulet)
rElec  .         Spirit   .     (no ring)
rCorr  .         Warding  .     (no ring)
rMut   .         Stasis   .     (no ring)
MR     .....                    (no ring)
Stlth  ++........               (no ring)
                                (no ring)
                                (no ring)
                                (no ring)

@: appendage (expiring), very slightly contaminated, not resistant to hostile
enchantments, unstealthy
A: almost no armour, amphibious, 8 rings, constrict 8, tentacle spike 3,
camouflage 1, gelatinous body 1
a: End Transformation


You were on level 3 of the Dungeon.
You were not hungry.
One of your tentacles had a temporary spike.
You visited 1 branch of the dungeon, and saw 3 of its levels.

You collected 65 gold pieces.

Inventory:

Missiles
 a - 28 arrows
Scrolls
 e - a scroll of enchant weapon
Potions
 g - a potion of curing
 n - a potion of lignification {unknown}
Books
 b - a book of Changes

   Spells                             Type                      Level
   a - Beastly Appendage              Transmutation                1
   b - Sticks to Snakes               Transmutation                2
   c - Spider Form                    Transmutation/Poison         3
   d - Ice Form                       Ice/Transmutation            4
   e - Blade Hands                    Transmutation                5
Comestibles
 c - 2 bread rations
 d - 3 fruits
 h - a meat ration


   Skills:
 - Level 1.0 Fighting
 - Level 2.0 Dodging
 + Level 5.1 Unarmed Combat
 - Level 2.0 Spellcasting
 - Level 2.0 Transmutations


You had 6 spell levels left.
You knew the following spells:

 Your Spells              Type           Power        Failure   Level  Hunger
a - Beastly Appendage     Trmt           #.....       12%         1    #......


Dungeon Overview and Level Annotations

Branches:
Dungeon (3/15)

Altars:
Elyvilon

Annotations:
D:2 Sigmund
D:3 Ijyb


Innate Abilities, Weirdness & Mutations

You cannot wear most types of armour.
You are amphibious.
You can wear up to eight rings at the same time.
You can use your tentacles to constrict eight enemies at once.
Your skin changes colour to match your surroundings (Stealth).
Your rubbery body absorbs attacks (AC +1).
One of your tentacles bears a large vicious spike.


Message History

You tentacle-slap Ijyb but do no damage.
You pierce Ijyb.
Ijyb is moderately wounded.
Your transformation is almost over.
You constrict Ijyb, but do no damage. Ijyb closely misses you.
You tentacle-slap Ijyb but do no damage.
You pierce Ijyb, but do no damage.
Ijyb is moderately wounded.
You constrict Ijyb. Ijyb hits you with a club.
You tentacle-slap Ijyb.
You pierce Ijyb.
Ijyb is severely wounded.
You constrict Ijyb, but do no damage. Ijyb hits you with a club.
You tentacle-slap Ijyb but do no damage.
Ijyb is severely wounded.
You constrict Ijyb. You tentacle-slap Ijyb.
Ijyb is severely wounded.
You constrict Ijyb.
Ijyb zaps a wand.
You are blasted!
Ouch! That really hurt!
You die...

...#.##.. .......##.
.......... ....... ......
#...# ##...####.
#.g....... ##@#.##.... .#
#..#..... # .. #.##...g.
#.# ##....>..... ##..#
###..##....... #..#
#....# .....).
######.#####.#.##........
#..##.............# ..
#<.#..#..........## .


You could see Ijyb.

Vanquished Creatures
  4 adders (D:2)
  2 ball pythons
  7 bats
  7 goblins
  7 hobgoblins
  3 giant geckos
  2 giant newts
  3 kobolds
  11 rats
46 creatures vanquished.

Notes
Turn   | Place    | Note
--------------------------------------------------------------
     0 | D:1      | kae the Octopode Transmuter began the quest for the Orb.
     0 | D:1      | Reached XP level 1. HP: 13/13 MP: 3/3
   228 | D:1      | Reached XP level 2. HP: 8/18 MP: 5/5
   593 | D:1      | Reached skill level 4 in Unarmed Combat
   866 | D:1      | Reached XP level 3. HP: 23/23 MP: 6/6
  1317 | D:2      | Found a white marble altar of Elyvilon.
  1796 | D:2      | Noticed Sigmund
  1860 | D:2      | Reached XP level 4. HP: 28/28 MP: 7/7
  1992 | D:2      | Reached skill level 5 in Unarmed Combat
  2230 | D:3      | Noticed Ijyb
  2243 | D:3      | Blown up by Ijyb

Vault maps used:
D:1:      minmay_arrival_four_houses
D:2:      first_bread, minivault_23, elyvilon_altar_4, uniq_sigmund
D:3:      minitemple, uniq_iyjb

Action                   |  1- 3 |  4- 6 || total
-------------------------+-------+-------++-------
Melee: Unarmed           |    85 |    16 ||   101
 Cast: Beastly Appendage |     1 |     3 ||     4
  Use: Scroll            |       |     6 ||     6
 Stab: Sleeping          |     4 |     2 ||     6
  Eat: Chunk             |     3 |     1 ||     4
